 Dungeon Crawl Stone Soup version 0.21-a0-137-g951aa02 (webtiles) character file.

388 tehllama the Digger (level 6, 0/32 HPs)
             Began as a Gargoyle Earth Elementalist on July 18, 2017.
             Slain by a frilled lizard (2 damage)
             ... on level 3 of the Dungeon.
             The game lasted 00:07:10 (3831 turns).

tehllama the Digger (Gargoyle Earth Elementalist)   Turns: 3831, Time: 00:07:11

Health: 0/32       AC:  7    Str: 11    XL:     6   Next: 79%
Magic:  3/12       EV: 12    Int: 18    God:
Gold:   154        SH:  0    Dex: 10    Spells: 4/13 levels left

rFire    . . .     SeeInvis .   t - +0 flail
rCold    . . .     Gourm    .   (no shield)
rNeg     + . .     Faith    .   c - +0 robe
rPois    ∞         Spirit   .   (no helmet)
rElec    +         Reflect  .   r - +0 cloak
rCorr    +         Harm     .   (no gloves)
MR       .....                  (no boots)
Stlth    ++........             (no amulet)
HPRegen  0.10/turn              j - ring of resist corrosion
MPRegen  0.13/turn              (no ring)

@: no status effects
A: negative energy resistance 1, electricity resistance, unbreathing,
petrification resistance, rot immunity, AC +4
a: no special abilities


You were on level 3 of the Dungeon.
You were hungry.

You visited 1 branch of the dungeon, and saw 3 of its levels.

You collected 154 gold pieces.

Inventory:

Hand Weapons
 t - a +0 flail (weapon)
Missiles
 b - 14 stones (quivered)
Armour
 c - a +0 robe (worn)
 r - a +0 cloak (worn)
Jewellery
 j - a ring of resist corrosion (left hand)
Wands
 s - a wand of scattershot (6/9)
Scrolls
 g - a scroll of recharging {unknown}
 i - 2 scrolls of teleportation {unknown}
 k - 3 scrolls of identify
 n - 2 scrolls of fear {unknown}
 o - a scroll of magic mapping {unknown}
 q - 2 scrolls of immolation {unknown}
 u - a scroll of remove curse {unknown}
 w - a scroll of amnesia {unknown}
 y - a scroll of enchant weapon {unknown}
Potions
 f - a potion of heal wounds {unknown}
 m - a potion of mutation {unknown}
 p - a potion of curing {unknown}
 v - a potion of lignification {unknown}
 x - a potion of resistance
Books
 e - a book of Geomancy

   Spells                             Type                      Level
   a - Sandblast                      Earth                        1
   b - Passwall                       Transmutation/Earth          2
   c - Stone Arrow                    Conjuration/Earth            3
   d - Petrify                        Transmutation/Earth          4
   e - Lee's Rapid Deconstruction     Earth                        5
Comestibles
 a - 3 royal jellies
 d - 2 bread rations
 h - 2 chunks of flesh
 l - 4 fruits


   Skills:
 - Level 1.5 Dodging
 - Level 2.1 Stealth
 + Level 4.3 Spellcasting
 + Level 3.4 Conjurations
   Level 0.7 Transmutations
 + Level 5.9 Earth Magic


You had 4 spell levels left.
You knew the following spells:

 Your Spells              Type           Power        Failure   Level  Hunger
a - Sandblast             Erth           ####..       1%          1    None
b - Stone Arrow           Conj/Erth      ###...       6%          3    ###....
c - Lee's Rapid Deconstr  Erth           ####......   34%         5    ######.


Dungeon Overview and Level Annotations

Branches:
Dungeon (3/15)

Altars:
Cheibriados
Dithmenos
Elyvilon
Gozag
Ru
Sif Muna
The Shining One


Innate Abilities, Weirdness & Mutations

You are resistant to torment.
Your stone body is resilient. (AC +4)
You are immune to poison.
You resist negative energy. (rN+)
You are resistant to electric shocks. (rElec)
You can survive without breathing.
You are immune to petrification.
You are immune to rotting.


Message History

The jackal closely misses you.
Casting: Sandblast
Confirm with . or Enter, or press ? or * to list all spells.
Aiming: Sandblast
Press: ? - help, Shift-Dir - straight line, f - jackal
Aim: a jackal The blast of sand hits the jackal.
The jackal is lightly wounded.
b - 15 stones The jackal misses you.
Casting: Sandblast
Confirm with . or Enter, or press ? or * to list all spells.
Aiming: Sandblast
Press: ? - help, Shift-Dir - straight line, f/p - jackal
Aim: a jackal (lightly wounded)
The blast of sand hits the jackal.
You kill the jackal!
b - 14 stones The frilled lizard bites you.
You die...

.......÷.................
...............(.......<.
..#.####.##########)##### #
#.###### #)).... #......#
##(#### #########.# #...#
#.....# #.#######..#
.######.###.###.##.......##
........†.@.....##.#....(..
..#####.#l########.#.......
#.#r†r# #.#.......
#...#.######.........
###.#.o....#########.
#........# #. #.#...[..# ##
###.S....# # #......# #


You could see a frilled lizard and a rat.

Vanquished Creatures
  Sigmund (D:2)
  An orc wizard (D:3)
  Ijyb (D:2)
  5 adders
  4 gnolls (D:3)
  A worm (D:2)
  3 dart slugs
  2 leopard geckos
  6 orcs (D:3)
  4 bats
  4 giant cockroaches
  8 goblins
  9 hobgoblins
  5 jackals (D:3)
  7 kobolds
  A ball python (D:1)
  4 frilled lizards
  11 rats
77 creatures vanquished.

Vanquished Creatures (others)
  An adder (D:3)
1 creature vanquished.

Grand Total: 78 creatures vanquished

Notes
Turn   | Place    | Note
-------+----------+-------------------------------------------
     0 | D:1      | tehllama the Gargoyle Earth Elementalist began the quest for the Orb.
     0 | D:1      | Reached XP level 1. HP: 10/10 MP: 3/3
   613 | D:1      | Reached XP level 2. HP: 11/15 MP: 1/5
   630 | D:1      | Reached skill level 4 in Earth Magic
  1674 | D:1      | Reached XP level 3. HP: 19/19 MP: 5/7
  1679 | D:1      | Learned a level 3 spell: Stone Arrow
  2166 | D:2      | Noticed Sigmund
  2227 | D:2      | Killed Sigmund
  2227 | D:2      | Reached skill level 5 in Earth Magic
  2227 | D:2      | Reached XP level 4. HP: 20/24 MP: 1/9
  2227 | D:2      | Reached XP level 5. HP: 24/28 MP: 1/10
  2493 | D:2      | Found a deep blue altar of Sif Muna.
  2502 | D:2      | Found a glowing golden altar of the Shining One.
  2539 | D:2      | Reached XP level 6. HP: 24/32 MP: 11/11
  2830 | D:2      | Found a snail-covered altar of Cheibriados.
  2929 | D:3      | Learned a level 5 spell: Lee's Rapid Deconstruction
  2982 | D:3      | Noticed Ijyb
  3030 | D:2      | Killed Ijyb
  3343 | D:2      | Found a white marble altar of Elyvilon.
  3343 | D:2      | Found a sacrificial altar of Ru.
  3343 | D:2      | Found an opulent altar of Gozag.
  3346 | D:2      | Found a shadowy altar of Dithmenos.
  3831 | D:3      | Slain by a frilled lizard

Vault maps used:
D:1:      elethiomel_arrival_quiet
D:2:      nicolae_overflow_hidden_temple, minitemple, uniq_sigmund
D:3:      lemuel_old_faithful, uniq_ijyb

Skill      XL: |  1  2  3  4  5  6 |
---------------+-------------------+-----
Earth Magic    | 4 5 |  5.9
Spellcasting   | 3 4 |  4.3
Conjurations   | 2 3 |  3.4
Dodging        | |  1.5
Stealth        | |  2.1
Transmutations | |  0.7

Action                   |  1- 3 |  4- 6 || total
-------------------------+-------+-------++-------
Melee: Unarmed           |    14 |       ||    14
       Club              |    65 |    55 ||   120
       Spear             |     7 |       ||     7
       Mace              |       |    25 ||    25
       Flail             |       |    18 ||    18
 Cast: Sandblast         |    23 |    63 ||    86
       Stone Arrow       |       |     1 ||     1
  Use: Scroll            |       |     1 ||     1
 Stab: Sleeping          |       |     1 ||     1
  Eat: Chunk             |     4 |     5 ||     9
Armor: Robe              |    33 |   104 ||   137
Dodge: Dodged            |    77 |   145 ||   222
